Devils vs Senators

Created - 7 janvier 2021 at 21:28

Goals
1 2 3 T
Devils 1 1 1 3
Senators 1 0 1 2
Shots
1 2 3 T
Devils 11 4 11 26
Senators 12 17 5 34

1st period

1. Devils , T.J. Oshie 10 (Nicklas Backstrom 20, Ryan Suter 24) at 8:41 (PP)
2. Senators , Connor Brown 6 (Alexander Wennberg 11) at 16:50

Penalties :
Marc-Andre Fleury (NJD) for Delaying the game (Minor) at 2:39 - Zack Smith served the penalty., Justin Falk (OTT) for Tripping (Minor) at 7:01, Bryan Little (NJD) for Elbowing (Minor) at 9:21

2nd period

3. Devils , Nicklas Backstrom 9 (T.J. Oshie 14, Mikhail Sergachev 11) at 13:47

Penalties :
Justin Schultz (NJD) for High sticking (Minor) at 3:19

3rd period

4. Senators , Derek Ryan 4 (Valtteri Filppula 8, Paul Byron 2) at 9:07
5. Devils , T.J. Oshie 11 (Nicklas Backstrom 21) at 14:17

Penalties :
Mark Stone (OTT) for Interference (Minor) at 9:14, Mikhail Sergachev (NJD) for Hooking (Minor) at 15:39

Goalie Stats

Marc-Andre Fleury (NJD), 32 saves from 34 shots - (0,941), W, 11-16-2, 60:00 minutes
Petr Mrazek (OTT), 23 saves from 26 shots - (0,885), L, 5-10-2, 59:01 minutes

Players Stats for Devils

Player Name              G  A  P  +/- PIM S  H  SB GA TA FO     MP     PP MP  PK MP  
------------------------------------------------------------------------------------
Brian Boyle              0  0  0   0  0   1  1  0  0  0  6/11    9:06   0:00   3:17 
Bryan Little             0  0  0   0  2   1  2  0  0  0  0/0     6:28   0:00   0:40 
Cale Makar               0  0  0   0  0   1  0  2  0  0  0/0    21:29   2:07   1:45 
Chris Kreider            0  0  0   1  0   3  2  0  0  0  1/2    19:01   1:40   1:51 
Damon Severson           0  0  0  -1  0   1  0  1  0  0  0/0    21:05   1:32   3:53 
Justin Schultz           0  0  0   1  2   0  1  2  0  0  0/0    17:40   0:00   2:33 
Mathieu Joseph           0  0  0   0  0   0  2  0  0  0  0/0     5:49   0:00   0:00 
Mike Hoffman             0  0  0  -1  0   1  1  2  0  0  0/2    18:27   1:59   0:30 
Mikhail Sergachev        0  1  1   0  2   1  5  0  0  0  0/0    17:05   1:32   0:03 
Nicklas Backstrom        1  2  3   1  0   5  1  1  0  0  14/25  17:13   1:40   0:03 
Niklas Hjalmarsson       0  0  0   1  0   0  3  0  0  0  0/0    20:23   0:00   3:09 
Rocco Grimaldi           0  0  0   0  0   1  0  0  0  0  0/0    12:59   0:00   1:51 
Ryan Suter               0  1  1  -1  0   1  0  1  0  0  0/0    22:16   2:07   4:29 
Sam Reinhart             0  0  0  -1  0   1  1  1  0  0  6/24   17:57   1:59   0:00 
T.J. Oshie               2  1  3   1  0   4  1  3  0  0  0/1    17:10   1:40   0:00 
Travis Konecny           0  0  0  -1  0   0  1  0  0  0  0/0    17:57   1:59   0:00 
Tyler Bozak              0  0  0   0  0   4  0  0  0  0  10/25  15:15   0:00   4:07 
Zack Smith               0  0  0   0  0   1  2  0  0  0  0/0    14:41   0:00   3:33 

Players Stats for Senators

Player Name              G  A  P  +/- PIM S  H  SB GA TA FO     MP     PP MP  PK MP  
------------------------------------------------------------------------------------
Alex Galchenyuk          0  0  0   0  0   1  0  0  0  0  1/2    13:00   0:00   0:06 
Alex Goligoski           0  0  0   0  0   2  0  1  0  0  0/0    21:42   3:47   1:10 
Alexander Wennberg       0  1  1   0  0   4  0  0  0  0  17/27  20:50   4:46   0:00 
Chris Wagner             0  0  0   0  0   2  5  1  0  0  12/20  14:39   0:00   1:45 
Connor Brown             1  0  1   0  0   5  1  0  0  0  1/2    21:10   4:46   0:00 
Derek Ryan               1  0  1   1  0   2  0  0  0  0  0/0     5:00   0:00   1:51 
Eric Staal               0  0  0  -1  0   5  1  0  0  0  16/27  19:08   3:10   0:00 
Jakob Chychrun           0  0  0  -1  0   4  1  2  0  0  0/0    20:15   0:00   2:29 
James Neal               0  0  0  -1  0   1  2  0  0  0  0/0    19:08   3:10   0:00 
Jani Hakanpaa            0  0  0   1  0   0  1  0  0  0  0/0    17:39   3:40   0:00 
Justin Falk              0  0  0   0  2   0  4  1  0  0  0/0    18:07   0:29   0:00 
Mark Stone               0  0  0   0  2   1  3  0  0  0  1/1    21:09   4:46   0:00 
Mike Green               0  0  0  -1  0   1  1  0  0  0  0/0    22:58   3:47   2:29 
Paul Byron               0  1  1   1  0   0  1  1  0  0  0/0     4:57   0:00   1:48 
Robert Hagg              0  0  0   1  0   2  3  1  0  0  0/0    19:18   4:09   1:10 
Valtteri Filppula        0  1  1   0  0   2  1  0  0  0  4/9    20:55   0:00   1:48 
Vladimir Tarasenko       0  0  0   0  0   1  0  0  0  0  0/0     3:30   3:10   0:00 
Vladislav Namestnikov    0  0  0   0  0   1  0  0  0  0  1/2    12:54   0:00   0:00 

3 Stars

1 - T.J. Oshie (NJD)
2 - Nicklas Backstrom (NJD)
3 - Marc-Andre Fleury (NJD)

Power Play

Devils - 1 on 2 Attempt(s) - 50,00%
Senators - 0 on 4 Attempt(s) - 0,00%

Penalty Kill

Devils - 4 on 4 Attempt(s) - 100,00% - Score 0 goal in Penalty Kill
Senators - 1 on 2 Attempt(s) - 50,00% - Score 0 goal in Penalty Kill

Team Stat

Devils - Hits : 23 - Faceoff Wins : 37 - Blocked Shots : 13 - Penalty Minutes : 8
Senators - Hits : 24 - Faceoff Wins : 53 - Blocked Shots : 7 - Penalty Minutes : 4

Official

Referees : Mike Campbell and Wes McCauley
Linesman : Steve Miller and Bevan Mills

Game Notes

No Game Note

Finance

Level 1 -- Attendance: 6045 (93,00%) -- Ticket Income 604 500 $
Level 2 -- Attendance: 5000 (100,00%) -- Ticket Income 300 000 $
Level 3 -- Attendance: 3500 (100,00%) -- Ticket Income 122 500 $
Level 4 -- Attendance: 2995 (94,99%) -- Ticket Income 89 850 $
Luxury Box -- Attendance: 946 (94,60%) -- Ticket Income 236 500 $
Game was played at the Canadian Tire Centre.
Total Attendance: 18486 (96,52%)
Total Ticket Income: 1 353 350 $
Other Income: 663 142 $
Total Income: 2 016 492 $

% Time on Ice - Devils

Lines # - Real PCT - Wanted PCT - Time Play
Normal Forward
1 - 32% - 34% - 15:30
2 - 33% - 34% - 15:58
3 - 23% - 24% - 11:08
4 - 12% - 8% - 5:49
Normal Defense
1 - 32% - 32% - 15:40
2 - 32% - 30% - 15:26
3 - 29% - 28% - 14:02
4 - 7% - 10% - 3:17
PP Forward
1 - 46% - 60% - 1:40
2 - 54% - 40% - 1:59
PP Defense
1 - 58% - 60% - 2:07
2 - 42% - 40% - 1:32
PK Forward
1 - 73% - 60% - 5:47
2 - 27% - 40% - 2:09
PK Defense
1 - 48% - 60% - 3:50
2 - 52% - 40% - 4:06
PK3 Forward
1 - 0% - 60%
2 - 0% - 40%
PK3 Defense
1 - 0% - 60%
2 - 0% - 40%
44 Forward
1 - 0% - 60%
2 - 0% - 40%
44 Defense
1 - 0% - 60%
2 - 0% - 40%
Last Minute Offensive  - 0:00
Last Minute Defensive  - 0:00
Total
Forward - 60:00
Defense - 60:00

% Time on Ice - Senators

Lines # - Real PCT - Wanted PCT - Time Play
Normal Forward
1 - 33% - 35% - 15:58
2 - 33% - 35% - 16:04
3 - 27% - 20% - 12:54
4 - 7% - 10% - 3:09
Normal Defense
1 - 34% - 35% - 16:27
2 - 37% - 35% - 17:39
3 - 21% - 20% - 10:12
4 - 8% - 10% - 3:47
PP Forward
1 - 40% - 50% - 3:10
2 - 60% - 50% - 4:46
PP Defense
1 - 52% - 50% - 4:09
2 - 48% - 50% - 3:47
PK Forward
1 - 51% - 60% - 1:51
2 - 49% - 40% - 1:48
PK Defense
1 - 68% - 60% - 2:29
2 - 32% - 40% - 1:10
PK3 Forward
1 - 0% - 60%
2 - 0% - 40%
PK3 Defense
1 - 0% - 60%
2 - 0% - 40%
44 Forward
1 - 0% - 50%
2 - 0% - 50%
44 Defense
1 - 0% - 50%
2 - 0% - 50%
Last Minute Offensive  - 0:20
Last Minute Defensive  - 0:00
Total
Forward - 60:00
Defense - 60:00

Play-by-Play

1st period


0:01 of 1st period - Eric Staal wins face-off versus Nicklas Backstrom in neutral zone.
0:04 of 1st period - Shot by James Neal.
0:04 of 1st period - Shot Blocked by T.J. Oshie.
0:06 of 1st period - Shot by Jakob Chychrun.
0:06 of 1st period - Stopped by Marc-Andre Fleury without a rebound.
0:07 of 1st period - Alexander Wennberg wins face-off versus Sam Reinhart in Devils zone.
0:28 of 1st period - Shot by Connor Brown.
0:28 of 1st period - Shot Misses the Net.
0:36 of 1st period - Shot by Mike Hoffman.
0:36 of 1st period - Shot Misses the Net.
1:03 of 1st period - Off-side.
1:04 of 1st period - Nicklas Backstrom wins face-off versus Eric Staal in neutral zone.
1:10 of 1st period - Ryan Suter is hit by Jakob Chychrun and loses puck.
1:17 of 1st period - Shot by Chris Kreider.
1:17 of 1st period - Shot Misses the Net.
1:19 of 1st period - Shot by Ryan Suter.
1:19 of 1st period - Stopped by Petr Mrazek without a rebound.
1:20 of 1st period - Tyler Bozak wins face-off versus Alex Galchenyuk in Senators zone.
2:03 of 1st period - Icing by Tyler Bozak.
2:04 of 1st period - Eric Staal wins face-off versus Tyler Bozak in Devils zone.
2:39 of 1st period - Shot by Valtteri Filppula.
2:39 of 1st period - Stopped by Marc-Andre Fleury without a rebound.
2:39 of 1st period - Minor Penalty to Marc-Andre Fleury for Delaying the game.
2:40 of 1st period - Brian Boyle wins face-off versus Alexander Wennberg in Devils zone.
2:51 of 1st period - Shot by Alexander Wennberg.
2:51 of 1st period - Shot Blocked by Damon Severson.
3:38 of 1st period - Off-side.
3:39 of 1st period - Eric Staal wins face-off versus Tyler Bozak in neutral zone.
4:01 of 1st period - Icing by Vladimir Tarasenko.
4:02 of 1st period - Eric Staal wins face-off versus Brian Boyle in Senators zone.
4:39 of 1st period - Shot by Connor Brown.
4:39 of 1st period - Stopped by Marc-Andre Fleury without a rebound.
4:40 of 1st period - Sam Reinhart wins face-off versus Valtteri Filppula in Devils zone.
4:40 of 1st period - Travis Konecny is hit by Valtteri Filppula and loses puck.
4:49 of 1st period - Shot by Valtteri Filppula.
4:49 of 1st period - Shot Blocked by Cale Makar.
5:02 of 1st period - Derek Ryan is hit by Mikhail Sergachev and loses puck.
5:11 of 1st period - Shot by Derek Ryan.
5:11 of 1st period - Stopped by Marc-Andre Fleury without a rebound.
5:12 of 1st period - Connor Brown wins face-off versus Brian Boyle in Devils zone.
6:02 of 1st period - Icing by Chris Kreider.
6:03 of 1st period - Valtteri Filppula wins face-off versus Nicklas Backstrom in Devils zone.
6:26 of 1st period - Shot by Eric Staal.
6:26 of 1st period - Stopped by Marc-Andre Fleury without a rebound.
6:27 of 1st period - Sam Reinhart wins face-off versus Chris Wagner in Devils zone.
6:37 of 1st period - Icing by Alex Goligoski.
6:38 of 1st period - Vladislav Namestnikov wins face-off versus Tyler Bozak in Senators zone.
6:38 of 1st period - Vladislav Namestnikov is hit by Zack Smith.
7:01 of 1st period - Minor Penalty to Justin Falk for Tripping.
7:02 of 1st period - Chris Wagner wins face-off versus Nicklas Backstrom in Senators zone.
8:05 of 1st period - Shot by Mikhail Sergachev.
8:05 of 1st period - Stopped by Petr Mrazek with a rebound.
8:13 of 1st period - Shot by Sam Reinhart.
8:13 of 1st period - Shot Misses the Net.
8:15 of 1st period - Shot by Travis Konecny.
8:15 of 1st period - Shot Misses the Net.
8:17 of 1st period - Shot by Damon Severson.
8:17 of 1st period - Shot Misses the Net.
8:19 of 1st period - Shot by Sam Reinhart.
8:19 of 1st period - Shot Misses the Net.
8:41 of 1st period - Shot by T.J. Oshie.
8:41 of 1st period - Goal by T.J. Oshie - Devils : 1 - Senators : 0.
8:42 of 1st period - Tyler Bozak wins face-off versus Connor Brown in neutral zone.
8:49 of 1st period - Shot by Tyler Bozak.
8:49 of 1st period - Stopped by Petr Mrazek without a rebound.
8:50 of 1st period - Alexander Wennberg wins face-off versus Brian Boyle in Senators zone.
8:50 of 1st period - Alexander Wennberg is hit by Mathieu Joseph.
9:20 of 1st period - Connor Brown is hit by Bryan Little.
9:21 of 1st period - Minor Penalty to Bryan Little for Elbowing.
9:22 of 1st period - Eric Staal wins face-off versus Tyler Bozak in Devils zone.
9:29 of 1st period - Shot by Vladimir Tarasenko.
9:29 of 1st period - Stopped by Marc-Andre Fleury with a rebound.
9:31 of 1st period - Shot by Robert Hagg.
9:31 of 1st period - Stopped by Marc-Andre Fleury without a rebound.
9:32 of 1st period - Tyler Bozak wins face-off versus Eric Staal in Devils zone.
10:08 of 1st period - Shot by Eric Staal.
10:08 of 1st period - Shot Misses the Net.
10:59 of 1st period - Mike Green is hit by Zack Smith and loses puck.
11:34 of 1st period - Alex Galchenyuk is hit by Chris Kreider and loses puck.
11:43 of 1st period - Shot by T.J. Oshie.
11:43 of 1st period - Stopped by Petr Mrazek with a rebound.
11:45 of 1st period - Shot by Mikhail Sergachev.
11:45 of 1st period - Shot Misses the Net.
11:47 of 1st period - Shot by T.J. Oshie.
11:47 of 1st period - Shot Blocked by Justin Falk.
13:04 of 1st period - Mathieu Joseph is hit by Robert Hagg and loses puck.
13:11 of 1st period - Shot by Brian Boyle.
13:11 of 1st period - Stopped by Petr Mrazek with a rebound.
13:44 of 1st period - Off-side.
13:45 of 1st period - Alexander Wennberg wins face-off versus Tyler Bozak in neutral zone.
13:50 of 1st period - Shot by Alexander Wennberg.
13:50 of 1st period - Shot Misses the Net.
14:09 of 1st period - Shot by Tyler Bozak.
14:09 of 1st period - Shot Hit the Post.
14:11 of 1st period - Shot by Zack Smith.
14:11 of 1st period - Shot Blocked by Jakob Chychrun.
14:18 of 1st period - Off-side.
14:19 of 1st period - Alex Galchenyuk wins face-off versus T.J. Oshie in neutral zone.
14:40 of 1st period - Shot by Chris Kreider.
14:40 of 1st period - Stopped by Petr Mrazek without a rebound.
14:41 of 1st period - Alexander Wennberg wins face-off versus Sam Reinhart in Senators zone.
14:46 of 1st period - Shot by Alexander Wennberg.
14:46 of 1st period - Stopped by Marc-Andre Fleury without a rebound.
14:47 of 1st period - Alexander Wennberg wins face-off versus Sam Reinhart in Devils zone.
14:49 of 1st period - Mark Stone is hit by Mikhail Sergachev and loses puck.
14:53 of 1st period - Alexander Wennberg is hit by Mikhail Sergachev and loses puck.
15:08 of 1st period - Shot by Connor Brown.
15:08 of 1st period - Shot Misses the Net.
15:14 of 1st period - Shot by Alexander Wennberg.
15:14 of 1st period - Stopped by Marc-Andre Fleury with a rebound.
15:16 of 1st period - Shot by Alexander Wennberg.
15:16 of 1st period - Shot Misses the Net.
15:49 of 1st period - Shot by Alex Galchenyuk.
15:49 of 1st period - Shot Blocked by T.J. Oshie.
16:05 of 1st period - Shot by Nicklas Backstrom.
16:05 of 1st period - Stopped by Petr Mrazek without a rebound.
16:06 of 1st period - Tyler Bozak wins face-off versus Eric Staal in Senators zone.
16:23 of 1st period - Shot by Tyler Bozak.
16:23 of 1st period - Shot Misses the Net.
16:25 of 1st period - Shot by Tyler Bozak.
16:25 of 1st period - Stopped by Petr Mrazek without a rebound.
16:26 of 1st period - Chris Kreider wins face-off versus Alexander Wennberg in Senators zone.
16:37 of 1st period - Shot by T.J. Oshie.
16:37 of 1st period - Shot Misses the Net.
16:43 of 1st period - Nicklas Backstrom is hit by Mark Stone and loses puck.
16:48 of 1st period - Shot by Alexander Wennberg.
16:48 of 1st period - Shot Misses the Net.
16:50 of 1st period - Shot by Connor Brown.
16:50 of 1st period - Goal by Connor Brown - Devils : 1 - Senators : 1.
16:51 of 1st period - Eric Staal wins face-off versus Tyler Bozak in neutral zone.
17:00 of 1st period - Shot by Eric Staal.
17:00 of 1st period - Stopped by Marc-Andre Fleury without a rebound.
17:01 of 1st period - Valtteri Filppula wins face-off versus Sam Reinhart in Devils zone.
17:11 of 1st period - Icing by Jakob Chychrun.
17:12 of 1st period - Nicklas Backstrom wins face-off versus Valtteri Filppula in Senators zone.
17:19 of 1st period - Shot by Valtteri Filppula.
17:19 of 1st period - Stopped by Marc-Andre Fleury without a rebound.
17:20 of 1st period - Nicklas Backstrom wins face-off versus Alexander Wennberg in Devils zone.
17:27 of 1st period - Mark Stone is hit by Chris Kreider and loses puck.
18:22 of 1st period - Travis Konecny is hit by Robert Hagg and loses puck.
18:33 of 1st period - Shot by Sam Reinhart.
18:33 of 1st period - Stopped by Petr Mrazek with a rebound.
19:09 of 1st period - Shot by Tyler Bozak.
19:09 of 1st period - Shot Misses the Net.
19:11 of 1st period - Shot by Tyler Bozak.
19:11 of 1st period - Shot Misses the Net.
19:13 of 1st period - Shot by Zack Smith.
19:13 of 1st period - Stopped by Petr Mrazek without a rebound.
19:14 of 1st period - Brian Boyle wins face-off versus Vladislav Namestnikov in Senators zone.
19:47 of 1st period - Shot by Mathieu Joseph.
19:47 of 1st period - Shot Misses the Net.
Goals for this period are 1 for Devils vs 1 for Senators.
Shots for this period are 11 for Devils vs 12 for Senators.

2nd period


0:01 of 2nd period - Eric Staal wins face-off versus Nicklas Backstrom in neutral zone.
0:04 of 2nd period - Mikhail Sergachev is hit by James Neal.
0:10 of 2nd period - Shot by Eric Staal.
0:10 of 2nd period - Stopped by Marc-Andre Fleury without a rebound.
0:11 of 2nd period - Alexander Wennberg wins face-off versus Sam Reinhart in Devils zone.
0:35 of 2nd period - Shot by Mark Stone.
0:35 of 2nd period - Shot Blocked by Justin Schultz.
1:21 of 2nd period - Shot by Eric Staal.
1:21 of 2nd period - Deflect By James Neal.
1:21 of 2nd period - Shot Blocked by Cale Makar.
2:32 of 2nd period - Icing by Mike Green.
2:33 of 2nd period - Eric Staal wins face-off versus Brian Boyle in Senators zone.
2:47 of 2nd period - Justin Schultz is hit by Justin Falk and loses puck.
2:59 of 2nd period - Alex Goligoski is hit by Bryan Little and loses puck.
3:18 of 2nd period - Shot by Alex Galchenyuk.
3:18 of 2nd period - Shot Misses the Net.
3:19 of 2nd period - Minor Penalty to Justin Schultz for High sticking.
3:20 of 2nd period - Alexander Wennberg wins face-off versus Tyler Bozak in Devils zone.
5:00 of 2nd period - Icing by Justin Falk.
5:01 of 2nd period - Alexander Wennberg wins face-off versus Tyler Bozak in Senators zone.
5:19 of 2nd period - Shot by Alexander Wennberg.
5:19 of 2nd period - Shot Misses the Net.
5:21 of 2nd period - Shot by Paul Byron.
5:21 of 2nd period - Shot Misses the Net.
5:23 of 2nd period - Shot by Alex Goligoski.
5:23 of 2nd period - Stopped by Marc-Andre Fleury without a rebound.
5:24 of 2nd period - Valtteri Filppula wins face-off versus Nicklas Backstrom in Devils zone.
6:46 of 2nd period - Shot by Vladislav Namestnikov.
6:46 of 2nd period - Stopped by Marc-Andre Fleury without a rebound.
6:47 of 2nd period - Alexander Wennberg wins face-off versus Tyler Bozak in Devils zone.
7:11 of 2nd period - Shot by Connor Brown.
7:11 of 2nd period - Stopped by Marc-Andre Fleury without a rebound.
7:12 of 2nd period - Chris Wagner wins face-off versus Sam Reinhart in Devils zone.
7:13 of 2nd period - Shot by Alex Galchenyuk.
7:13 of 2nd period - Stopped by Marc-Andre Fleury with a rebound.
7:15 of 2nd period - Shot by Robert Hagg.
7:15 of 2nd period - Stopped by Marc-Andre Fleury without a rebound.
7:16 of 2nd period - Chris Wagner wins face-off versus Sam Reinhart in Devils zone.
7:26 of 2nd period - Justin Schultz is hit by Chris Wagner and loses puck.
7:39 of 2nd period - Justin Schultz is hit by Chris Wagner and loses puck.
7:46 of 2nd period - Shot by Chris Wagner.
7:46 of 2nd period - Stopped by Marc-Andre Fleury with a rebound.
7:48 of 2nd period - Shot by Alex Galchenyuk.
7:48 of 2nd period - Shot Blocked by Justin Schultz.
7:59 of 2nd period - Sam Reinhart is hit by Robert Hagg and loses puck.
8:13 of 2nd period - Off-side.
8:14 of 2nd period - Nicklas Backstrom wins face-off versus Eric Staal in neutral zone.
8:21 of 2nd period - Shot by Nicklas Backstrom.
8:21 of 2nd period - Stopped by Petr Mrazek without a rebound.
8:22 of 2nd period - Nicklas Backstrom wins face-off versus Eric Staal in Senators zone.
8:57 of 2nd period - Shot by T.J. Oshie.
8:57 of 2nd period - Shot Blocked by Jakob Chychrun.
8:59 of 2nd period - Shot by Chris Kreider.
8:59 of 2nd period - Stopped by Petr Mrazek without a rebound.
9:00 of 2nd period - Tyler Bozak wins face-off versus Alexander Wennberg in Senators zone.
10:05 of 2nd period - Shot by Chris Wagner.
10:05 of 2nd period - Shot Blocked by Sam Reinhart.
10:25 of 2nd period - Shot by Vladislav Namestnikov.
10:25 of 2nd period - Shot Misses the Net.
10:39 of 2nd period - Shot by Eric Staal.
10:39 of 2nd period - Stopped by Marc-Andre Fleury without a rebound.
10:40 of 2nd period - Eric Staal wins face-off versus Nicklas Backstrom in Devils zone.
10:40 of 2nd period - James Neal is hit by Mikhail Sergachev and loses puck.
10:47 of 2nd period - Shot by Mike Green.
10:47 of 2nd period - Stopped by Marc-Andre Fleury without a rebound.
10:48 of 2nd period - Nicklas Backstrom wins face-off versus Eric Staal in Devils zone.
10:48 of 2nd period - Cale Makar is hit by James Neal.
10:49 of 2nd period - Icing by Cale Makar.
10:50 of 2nd period - Eric Staal wins face-off versus Nicklas Backstrom in Devils zone.
10:59 of 2nd period - Shot by Eric Staal.
10:59 of 2nd period - Shot Misses the Net.
11:06 of 2nd period - Off-side.
11:07 of 2nd period - Mark Stone wins face-off versus Tyler Bozak in neutral zone.
11:56 of 2nd period - Icing by Alex Goligoski.
11:57 of 2nd period - Nicklas Backstrom wins face-off versus Alexander Wennberg in Senators zone.
11:58 of 2nd period - Shot by Chris Kreider.
11:58 of 2nd period - Shot Misses the Net.
12:28 of 2nd period - Shot by Nicklas Backstrom.
12:28 of 2nd period - Stopped by Petr Mrazek without a rebound.
12:29 of 2nd period - Eric Staal wins face-off versus Sam Reinhart in Senators zone.
12:29 of 2nd period - Eric Staal is hit by Sam Reinhart.
12:38 of 2nd period - Eric Staal is hit by Justin Schultz and loses puck.
12:53 of 2nd period - Shot by Jakob Chychrun.
12:53 of 2nd period - Deflect By James Neal.
12:53 of 2nd period - Stopped by Marc-Andre Fleury with a rebound.
12:55 of 2nd period - Shot by Jakob Chychrun.
12:55 of 2nd period - Stopped by Marc-Andre Fleury without a rebound.
12:56 of 2nd period - Tyler Bozak wins face-off versus Chris Wagner in Devils zone.
13:03 of 2nd period - Icing by Robert Hagg.
13:04 of 2nd period - Nicklas Backstrom wins face-off versus Chris Wagner in Senators zone.
13:07 of 2nd period - Shot by Nicklas Backstrom.
13:07 of 2nd period - Shot Hit the Post.
13:17 of 2nd period - Icing by Mikhail Sergachev.
13:18 of 2nd period - Nicklas Backstrom wins face-off versus Eric Staal in Devils zone.
13:47 of 2nd period - Shot by T.J. Oshie.
13:47 of 2nd period - Deflect By Nicklas Backstrom.
13:47 of 2nd period - The goal is going for a video replay.
13:47 of 2nd period - The goal is good.
13:47 of 2nd period - Goal by Nicklas Backstrom - Devils : 2 - Senators : 1.
13:48 of 2nd period - Alexander Wennberg wins face-off versus Sam Reinhart in neutral zone.
13:53 of 2nd period - Shot by Connor Brown.
13:53 of 2nd period - Stopped by Marc-Andre Fleury without a rebound.
13:54 of 2nd period - Sam Reinhart wins face-off versus Alexander Wennberg in Devils zone.
14:28 of 2nd period - Ryan Suter is hit by Mark Stone and loses puck.
14:33 of 2nd period - Shot by Mark Stone.
14:33 of 2nd period - Stopped by Marc-Andre Fleury with a rebound.
14:35 of 2nd period - Shot by Alexander Wennberg.
14:35 of 2nd period - Stopped by Marc-Andre Fleury with a rebound.
15:56 of 2nd period - Shot by Alex Galchenyuk.
15:56 of 2nd period - Shot Misses the Net.
15:58 of 2nd period - Shot by Vladislav Namestnikov.
15:58 of 2nd period - Shot Misses the Net.
16:04 of 2nd period - Shot by Chris Wagner.
16:04 of 2nd period - Shot Misses the Net.
16:06 of 2nd period - Shot by Chris Wagner.
16:06 of 2nd period - Stopped by Marc-Andre Fleury without a rebound.
16:07 of 2nd period - Brian Boyle wins face-off versus Alexander Wennberg in Devils zone.
16:14 of 2nd period - Alex Goligoski is hit by Mathieu Joseph.
17:16 of 2nd period - Icing by Robert Hagg.
17:17 of 2nd period - Chris Wagner wins face-off versus Chris Kreider in Senators zone.
17:33 of 2nd period - Icing by Vladislav Namestnikov.
17:34 of 2nd period - Tyler Bozak wins face-off versus Chris Wagner in Senators zone.
17:50 of 2nd period - Off-side.
17:51 of 2nd period - Eric Staal wins face-off versus Sam Reinhart in neutral zone.
18:02 of 2nd period - Shot by Eric Staal.
18:02 of 2nd period - Stopped by Marc-Andre Fleury without a rebound.
18:03 of 2nd period - Nicklas Backstrom wins face-off versus Alexander Wennberg in Devils zone.
18:27 of 2nd period - Mark Stone is hit by Niklas Hjalmarsson and loses puck.
19:28 of 2nd period - Shot by James Neal.
19:28 of 2nd period - Shot Misses the Net.
19:43 of 2nd period - Shot by Valtteri Filppula.
19:43 of 2nd period - Shot Blocked by Ryan Suter.
19:45 of 2nd period - Shot by Jakob Chychrun.
19:45 of 2nd period - Stopped by Marc-Andre Fleury with a rebound.
Goals for this period are 1 for Devils vs 0 for Senators.
Shots for this period are 4 for Devils vs 17 for Senators.

3rd period


0:01 of 3rd period - Nicklas Backstrom wins face-off versus Valtteri Filppula in neutral zone.
0:33 of 3rd period - Shot by Chris Kreider.
0:33 of 3rd period - Deflect By T.J. Oshie.
0:33 of 3rd period - Stopped by Petr Mrazek without a rebound.
0:34 of 3rd period - Alexander Wennberg wins face-off versus Sam Reinhart in Senators zone.
1:01 of 3rd period - Shot by Mark Stone.
1:01 of 3rd period - Shot Blocked by Mike Hoffman.
1:10 of 3rd period - Icing by Justin Schultz.
1:11 of 3rd period - Chris Wagner wins face-off versus Mike Hoffman in Devils zone.
1:31 of 3rd period - Travis Konecny is hit by Chris Wagner and loses puck.
1:36 of 3rd period - Niklas Hjalmarsson is hit by Chris Wagner and loses puck.
1:41 of 3rd period - Shot by Alex Galchenyuk.
1:41 of 3rd period - Shot Blocked by Mike Hoffman.
1:43 of 3rd period - Shot by Jakob Chychrun.
1:43 of 3rd period - Stopped by Marc-Andre Fleury without a rebound.
1:44 of 3rd period - Eric Staal wins face-off versus Nicklas Backstrom in Devils zone.
1:47 of 3rd period - Shot by James Neal.
1:47 of 3rd period - Shot Blocked by Nicklas Backstrom.
2:39 of 3rd period - Shot by Rocco Grimaldi.
2:39 of 3rd period - Stopped by Petr Mrazek with a rebound.
2:43 of 3rd period - Shot by Zack Smith.
2:43 of 3rd period - Shot Blocked by Alex Goligoski.
3:06 of 3rd period - Icing by Alex Goligoski.
3:07 of 3rd period - Brian Boyle wins face-off versus Valtteri Filppula in Senators zone.
3:32 of 3rd period - Shot by Brian Boyle.
3:32 of 3rd period - Shot Misses the Net.
3:34 of 3rd period - Shot by Mathieu Joseph.
3:34 of 3rd period - Shot Misses the Net.
3:38 of 3rd period - Shot by Bryan Little.
3:38 of 3rd period - Stopped by Petr Mrazek without a rebound.
3:39 of 3rd period - Chris Wagner wins face-off versus Mike Hoffman in Senators zone.
3:52 of 3rd period - Shot by Mike Hoffman.
3:52 of 3rd period - Stopped by Petr Mrazek with a rebound.
3:58 of 3rd period - Shot by Travis Konecny.
3:58 of 3rd period - Shot Misses the Net.
4:00 of 3rd period - Shot by Travis Konecny.
4:00 of 3rd period - Shot Blocked by Robert Hagg.
4:12 of 3rd period - Vladislav Namestnikov is hit by Mike Hoffman and loses puck.
4:30 of 3rd period - Mike Green is hit by Mikhail Sergachev and loses puck.
4:39 of 3rd period - Icing by Travis Konecny.
4:40 of 3rd period - Sam Reinhart wins face-off versus Alexander Wennberg in Devils zone.
5:31 of 3rd period - Shot by Chris Kreider.
5:31 of 3rd period - Stopped by Petr Mrazek without a rebound.
5:32 of 3rd period - Valtteri Filppula wins face-off versus Tyler Bozak in Senators zone.
5:38 of 3rd period - Paul Byron is hit by Niklas Hjalmarsson and loses puck.
5:49 of 3rd period - Tyler Bozak is hit by Paul Byron and loses puck.
6:05 of 3rd period - Off-side.
6:06 of 3rd period - Chris Wagner wins face-off versus Brian Boyle in neutral zone.
6:40 of 3rd period - Icing by Vladislav Namestnikov.
6:41 of 3rd period - Chris Wagner wins face-off versus Nicklas Backstrom in Senators zone.
6:41 of 3rd period - Vladislav Namestnikov is hit by T.J. Oshie.
6:54 of 3rd period - Alex Goligoski is hit by Nicklas Backstrom and loses puck.
7:02 of 3rd period - Icing by Justin Falk.
7:03 of 3rd period - Tyler Bozak wins face-off versus Chris Wagner in Senators zone.
7:10 of 3rd period - Shot by Tyler Bozak.
7:10 of 3rd period - Stopped by Petr Mrazek with a rebound.
7:12 of 3rd period - Shot by Zack Smith.
7:12 of 3rd period - Shot Blocked by Chris Wagner.
7:32 of 3rd period - Icing by Tyler Bozak.
7:33 of 3rd period - Tyler Bozak wins face-off versus Eric Staal in Devils zone.
8:04 of 3rd period - Ryan Suter is hit by Eric Staal and loses puck.
8:39 of 3rd period - Shot by Mark Stone.
8:39 of 3rd period - Shot Blocked by T.J. Oshie.
8:46 of 3rd period - Icing by Ryan Suter.
8:47 of 3rd period - Nicklas Backstrom wins face-off versus Valtteri Filppula in Devils zone.
8:55 of 3rd period - Nicklas Backstrom is hit by Jani Hakanpaa.
9:05 of 3rd period - Shot by Valtteri Filppula.
9:05 of 3rd period - Shot Misses the Net.
9:07 of 3rd period - Shot by Derek Ryan.
9:07 of 3rd period - Goal by Derek Ryan - Devils : 2 - Senators : 2.
9:08 of 3rd period - Alexander Wennberg wins face-off versus Sam Reinhart in neutral zone.
9:11 of 3rd period - Shot by Mark Stone.
9:11 of 3rd period - Shot Misses the Net.
9:14 of 3rd period - Minor Penalty to Mark Stone for Interference.
9:15 of 3rd period - Chris Wagner wins face-off versus Sam Reinhart in Senators zone.
9:21 of 3rd period - Icing by Ryan Suter.
9:22 of 3rd period - Chris Wagner wins face-off versus Sam Reinhart in Devils zone.
10:13 of 3rd period - Shot by Nicklas Backstrom.
10:13 of 3rd period - Deflect By T.J. Oshie.
10:13 of 3rd period - Shot Blocked by Paul Byron.
10:15 of 3rd period - Shot by T.J. Oshie.
10:15 of 3rd period - Shot Misses the Net.
10:35 of 3rd period - Shot by Damon Severson.
10:35 of 3rd period - Stopped by Petr Mrazek with a rebound.
11:18 of 3rd period - Rocco Grimaldi is hit by Justin Falk and loses puck.
11:35 of 3rd period - Shot by Alexander Wennberg.
11:35 of 3rd period - Stopped by Marc-Andre Fleury without a rebound.
11:36 of 3rd period - Brian Boyle wins face-off versus Chris Wagner in Devils zone.
11:42 of 3rd period - Robert Hagg is hit by Brian Boyle and loses puck.
12:22 of 3rd period - Off-side.
12:23 of 3rd period - Alexander Wennberg wins face-off versus Nicklas Backstrom in neutral zone.
12:54 of 3rd period - Shot by Nicklas Backstrom.
12:54 of 3rd period - Shot Misses the Net.
12:56 of 3rd period - Shot by Nicklas Backstrom.
12:56 of 3rd period - Stopped by Petr Mrazek without a rebound.
12:57 of 3rd period - Sam Reinhart wins face-off versus Eric Staal in Senators zone.
13:26 of 3rd period - Shot by Travis Konecny.
13:26 of 3rd period - Shot Misses the Net.
13:28 of 3rd period - Shot by Sam Reinhart.
13:28 of 3rd period - Shot Misses the Net.
13:37 of 3rd period - Icing by Mike Green.
13:38 of 3rd period - Nicklas Backstrom wins face-off versus Eric Staal in Senators zone.
14:04 of 3rd period - Chris Kreider is hit by Justin Falk and loses puck.
14:17 of 3rd period - Shot by T.J. Oshie.
14:17 of 3rd period - Goal by T.J. Oshie - Devils : 3 - Senators : 2.
14:18 of 3rd period - Tyler Bozak wins face-off versus Chris Wagner in neutral zone.
14:18 of 3rd period - Zack Smith is hit by Chris Wagner and loses puck.
14:28 of 3rd period - Icing by Chris Wagner.
14:29 of 3rd period - Chris Wagner wins face-off versus Sam Reinhart in Senators zone.
14:29 of 3rd period - Chris Wagner is hit by Travis Konecny.
14:46 of 3rd period - Icing by Cale Makar.
14:47 of 3rd period - Alexander Wennberg wins face-off versus Sam Reinhart in Devils zone.
15:03 of 3rd period - Icing by Cale Makar.
15:04 of 3rd period - Eric Staal wins face-off versus Sam Reinhart in Devils zone.
15:10 of 3rd period - Icing by Cale Makar.
15:11 of 3rd period - Sam Reinhart wins face-off versus Eric Staal in Devils zone.
15:19 of 3rd period - Travis Konecny is hit by Mike Green and loses puck.
15:39 of 3rd period - Minor Penalty to Mikhail Sergachev for Hooking.
15:40 of 3rd period - Alexander Wennberg wins face-off versus Tyler Bozak in Devils zone.
15:45 of 3rd period - Shot by Connor Brown.
15:45 of 3rd period - Stopped by Marc-Andre Fleury without a rebound.
15:46 of 3rd period - Alexander Wennberg wins face-off versus Tyler Bozak in Devils zone.
16:23 of 3rd period - Ryan Suter is hit by Mark Stone and loses puck.
16:47 of 3rd period - Eric Staal is hit by Niklas Hjalmarsson and loses puck.
17:00 of 3rd period - Shot by Mike Green.
17:00 of 3rd period - Shot Misses the Net.
17:02 of 3rd period - Shot by Alex Goligoski.
17:02 of 3rd period - Stopped by Marc-Andre Fleury without a rebound.
17:03 of 3rd period - Brian Boyle wins face-off versus Alexander Wennberg in Devils zone.
17:44 of 3rd period - Off-side.
17:45 of 3rd period - Eric Staal wins face-off versus Sam Reinhart in neutral zone.
18:12 of 3rd period - Shot by Mike Hoffman.
18:12 of 3rd period - Shot Misses the Net.
18:14 of 3rd period - Shot by Cale Makar.
18:14 of 3rd period - Shot Hit the Post.
18:16 of 3rd period - Shot by Cale Makar.
18:16 of 3rd period - Stopped by Petr Mrazek without a rebound.
18:17 of 3rd period - Nicklas Backstrom wins face-off versus Chris Wagner in Senators zone.
18:17 of 3rd period - Nicklas Backstrom is hit by Justin Falk.
18:25 of 3rd period - Shot by Chris Kreider.
18:25 of 3rd period - Deflect By T.J. Oshie.
18:25 of 3rd period - Shot Misses the Net.
18:27 of 3rd period - Shot by Ryan Suter.
18:27 of 3rd period - Shot Misses the Net.
18:34 of 3rd period - Icing by Justin Falk.
18:35 of 3rd period - Chris Wagner wins face-off versus Tyler Bozak in Senators zone.
18:44 of 3rd period - Shot by Tyler Bozak.
18:44 of 3rd period - Stopped by Petr Mrazek without a rebound.
18:45 of 3rd period - Alexander Wennberg wins face-off versus Nicklas Backstrom in Senators zone.
18:57 of 3rd period - Off-side.
18:58 of 3rd period - Eric Staal wins face-off versus Tyler Bozak in neutral zone.
19:01 of 3rd period - Senators, Petr Mrazek is pulled from the net.
19:51 of 3rd period - Niklas Hjalmarsson is hit by Connor Brown and loses puck.
Goals for this period are 1 for Devils vs 1 for Senators.
Shots for this period are 11 for Devils vs 5 for Senators.